 Dungeon Crawl Stone Soup version 0.32-a0-441-gaf4921d101 (webtiles) character file.

Game seed: 10928853360146676018

17322 Amplified the Basher (level 12, 0/106 HPs)
             Began as a Mountain Dwarf Wanderer on Feb 23, 2024.
             Was a Believer of the Shining One.
             Slain by a seven-headed hydra simulacrum (24 damage)
             ... on level 12 of the Dungeon.
             The game lasted 00:26:35 (10379 turns).

Amplified the Basher (Mountain Dwarf Wanderer)     Turns: 10379, Time: 00:26:35

Health: 0/106      AC: 17    Str: 19    XL:     12   Next: 17%
Magic:  20/20      EV: 16    Int: 13    God:    the Shining One [**....]
Gold:   1566       SH:  6    Dex: 17    Spells: 9/11 levels left

rFire   + . .        D - +7 mace "Tetublef" {heavy, rElec rF+}
rCold   . . .        e - +0 buckler
rNeg    + . .        E - +1 scale mail "Umac" {Dex+3 Stlth+}
rPois   .            t - +2 helmet
rElec   +            q - +2 cloak "Jawny" {rCorr Int+4}
rCorr   +            (no gloves)
SInv    .            H - +0 pair of boots
Will    ++...        o - amulet of regeneration
Stlth   +            F - +5 ring of evasion
HPRegen 1.17/turn    i - ring of willpower
MPRegen 0.17/turn

%: no passive effects
@: glowing
A: runic magic, artefact enchanting
a: Renounce Religion, Divine Shield


You were on level 12 of the Dungeon.
You worshipped the Shining One.
The Shining One was pleased with you.
You visited 1 branch of the dungeon, and saw 12 of its levels.
You also visited: Ossuary.

You collected 1566 gold pieces.

Inventory:

Hand Weapons
 d - a +0 whip of electrocution
 D - the +7 mace "Tetublef" (weapon) {heavy, rElec rF+}
   (You found it on level 9 of the Dungeon)

   rF+:       It protects you from fire.
   rElec:     It insulates you from electricity.
Missiles
 k - a throwing net
 l - 35 poisoned darts (quivered)
Armour
 b - the +1 ring mail "Ahe Taij" {rF+}
   (You found it on level 12 of the Dungeon)

   rF+:       It protects you from fire.
 e - a +0 buckler (worn)
 q - the +2 cloak "Jawny" (worn) {rCorr Int+4}
   (You found it on level 9 of the Dungeon)

   Int+4:     It affects your intelligence (+4).
   rCorr:     It protects you from acid and corrosion.
 t - a +2 helmet (worn)
 y - a +0 troll leather armour
 E - the +1 scale mail "Umac" (worn) {Dex+3 Stlth+}
   (You found it on level 10 of the Dungeon)

   Dex+3:     It affects your dexterity (+3).
   Stlth+:    It makes you more stealthy.
 H - a +0 pair of boots (worn)
Jewellery
 i - a ring of willpower (right hand)
 m - a ring of positive energy
 o - an amulet of regeneration (around neck)
 C - a ring of positive energy
 F - a +5 ring of evasion (left hand)
Wands
 g - a wand of mindburst (3)
 v - a wand of iceblast (2)
 w - a wand of polymorph (14)
 z - a wand of digging (5)
 A - a wand of flame (10)
Scrolls
 c - 3 scrolls of fog
 j - 3 scrolls of amnesia
 n - 2 scrolls of poison
 x - a scroll of immolation
 G - 3 scrolls of identify
Potions
 a - a potion of magic
 f - 3 potions of enlightenment
 h - 2 potions of curing
 p - 3 potions of attraction
 r - 9 potions of ambrosia
 s - a potion of brilliance
 u - 4 potions of mutation
 B - a potion of heal wounds


   Skills:
 * Level 10.2 Fighting
 - Level 14.5(14.6) Maces & Flails
 - Level 2.5(9.0) Staves
 - Level 1.0 Throwing
 - Level 8.2 Armour
 - Level 2.7 Dodging
 - Level 7.0 Shields
 * Level 11.2 Invocations
 * Level 2.8 Evocations


You had 9 spell levels left.
You knew the following spells:

 Your Spells              Type           Power      Damage    Failure   Level
a - Lesser Beckoning      Tloc           0%         N/A       56%         2

Your spell library contained the following spells:

 Spells                   Type           Power      Damage    Failure   Level
 Magic Dart               Conj           0%         1d3       43%         1
 Sandblast                Erth           0%         2d4       43%         1
 Summon Small Mammal      Summ           0%         N/A       43%         1
 Ensorcelled Hibernation  Hex/Ice        0%         N/A       56%         2
 Searing Ray              Conj           0%         2d4       56%         2
 Call Canine Familiar     Summ           0%         N/A       80%         3
 Fugue of the Fallen      Necr           0%         N/A       80%         3
 Gell's Gravitas          Tloc           0%         N/A       80%         3
 Passwall                 Erth           0%         N/A       80%         3
 Sigil of Binding         Hex            0%         N/A       80%         3
 Stone Arrow              Conj/Erth      0%         3d7       80%         3
 Teleport Other           Tloc           0%         N/A       80%         3
 Anguish                  Hex/Necr       0%         N/A       99%         4
 Brom's Barrelling Bould  Conj/Erth      0%         2d3       99%         4
 Dimensional Bullseye     Hex/Tloc       0%         N/A       99%         4
 Fulminant Prism          Conj/Alch      0%         3d5       99%         4
 Passage of Golubria      Tloc           0%         N/A       99%         4
 Silence                  Hex/Air        0%         N/A       100%        5
 Dispersal                Tloc           0%         N/A       100%        6
 Plasma Beam              Fire/Air       0%         2x1d10    100%        6
 Starburst                Conj/Fire      0%         6d3       100%        6
 Lehudib's Crystal Spear  Conj/Erth      0%         10d2      100%        8


Dungeon Overview and Level Annotations

Branches:
Dungeon (12/15)            Temple (0/1) D:5            Lair (0/5) D:9
    Orc (0/2) D:12        Ossuary (visited)

Altars:
Cheibriados
Elyvilon
Hepliaklqana
Kikubaaqudgha
Makhleb
Qazlal
Sif Muna
Vehumet
Yredelemnul
Zin
The Shining One

Shops:
D:1 ?   D:12 (

Annotations:
D:7 2 transporters, Viceroy's ghost, novice BaRe
D:8 Psyche


Innate Abilities, Weirdness & Mutations

Your spellcasting is much less encumbered by armour.
You can use scrolls of enchantment on lesser artefacts.


Message History

The elephant simulacrum melts!
The elephant simulacrum is heavily damaged.
You bludgeon the elephant simulacrum!!
The elephant simulacrum vaporises!
The Shining One accepts your kill.
You bludgeon the elephant simulacrum!!
The elephant simulacrum vaporises!
The Shining One accepts your kill.
No target in view!
There is an open door here.
Aiming: Throw Flame
Press: ? - help, Shift-Dir - straight line, f - seven-headed hydra simulacrum
Aim: a seven-headed hydra simulacrum (haloed, 100% to hit)
The puff of flame hits the seven-headed hydra simulacrum!
The seven-headed hydra simulacrum melts!
The seven-headed hydra simulacrum is lightly damaged.
Unknown command.
You bludgeon the seven-headed hydra simulacrum!!
The seven-headed hydra simulacrum is heavily damaged.
The seven-headed hydra simulacrum bites you but does no damage.
The seven-headed hydra simulacrum closely misses you.
The seven-headed hydra simulacrum bites you.
The seven-headed hydra simulacrum freezes you!!
The seven-headed hydra simulacrum bites you.
The seven-headed hydra simulacrum freezes you!!
The seven-headed hydra simulacrum closely misses you.
The seven-headed hydra simulacrum bites you but does no damage.
The seven-headed hydra simulacrum completely misses you.
You thump the seven-headed hydra simulacrum!
The seven-headed hydra simulacrum is almost destroyed.
You block the seven-headed hydra simulacrum's attack.
The seven-headed hydra simulacrum bites you.
The seven-headed hydra simulacrum freezes you!!
* * * LOW HITPOINT WARNING * * *
The seven-headed hydra simulacrum misses you.
The seven-headed hydra simulacrum closely misses you.
The seven-headed hydra simulacrum bites you.
* * * LOW HITPOINT WARNING * * *
The seven-headed hydra simulacrum freezes you!!
You die...

#..........#...........
##.#####...###.###......
#..#####.......#....##..
#.Z.....................
#.Z##########.......)...
#..#....#.Z.#.#.....÷...
#..###.Z'.ZZ#.#.........
#..#ß..Z#,,,#.#...#.....
#.Z#...@#####.#.#####...
#..#....#.....#.# ##..
##.#....'.P⌠P...# ##.
#.######.......# ##
#...Z..).....#.#
########.......#
#########


You could see a seven-headed hydra simulacrum and an elephant simulacrum.

Vanquished Creatures
  3 two-headed ogres
  A death yak (D:12)
  Pikel (D:9)
  A necromancer (D:12)
  The ghost of YordlordTheGreat the Basher, a novice HuCA of Ignis (D:6)
  3 cyclopes
  2 ugly things
  A manticore (D:12)
  A kobold demonologist (D:11)
  An unseen horror (D:11)
  2 komodo dragons
  A queen bee (D:9)
  3 trolls
  10 yaks
  A vampire (D:11)
  2 wyverns
  2 death yak simulacra (D:12)
  A basilisk (D:12)
  3 steam dragons
  3 vampire mosquitoes (D:10)
  2 hydra simulacra (D:12)
  2 water moccasins
  2 ice beasts
  2 black bears
  8 orc warriors
  2 ogres (D:6)
  3 centaurs
  3 kobold brigands
  2 phantoms (D:5)
  2 elf zombies (Ossuary)
  2 scorpions
  7 bullfrogs
  A gnoll sergeant (D:5)
  5 wights (D:8)
  A burial acolyte (Ossuary)
  3 elephant simulacra (D:12)
  32 killer bees
  9 howler monkeys
  A bombardier beetle (D:5)
  A crimson imp (D:4)
  7 orc priests
  A human zombie (Ossuary)
  2 jellies
  A sleepcap (D:7)
  Crazy Yiuf (D:3)
  A gnoll bouda (D:9)
  Terence (D:3)
  12 orc wizards
  2 hell rats (D:12)
  4 iguanas
  A hound zombie (Ossuary)
  2 mummies (Ossuary)
  A howler monkey zombie (Ossuary)
  18 gnolls
  7 adders
  A shadow imp (D:8)
  4 white imps
  2 hell rat simulacra (D:12)
  2 ufetubi (D:7)
  4 dart slugs
  2 ribbon worms (D:2)
  24 orcs
  4 endoplasms
  4 giant cockroaches
  9 goblins
  7 hobgoblins
  4 jackals (D:3)
  5 quokkas
  4 ball pythons
  6 bats
  3 frilled lizards
  2 goblin skeletons (D:4)
  3 hobgoblin zombies (D:4)
  15 kobolds
  A kobold skeleton (D:4)
  A kobold zombie (D:4)
  An orc skeleton (D:4)
  6 rats
308 creatures vanquished.

Vanquished Creatures (others)
  A burial acolyte (Ossuary)
1 creature vanquished.

Grand Total: 309 creatures vanquished

Notes
Turn   | Place    | Note
-------+----------+-------------------------------------------
     0 | D:1      | Amplified the Mountain Dwarf Wanderer began the quest for
                  | the Orb.
     0 | D:1      | Amplified set off with the following items: a +0
                  | quarterstaff, a +0 chain mail, 2 scrolls of fog.
     0 | D:1      | Reached XP level 1. HP: 17/17 MP: 1/1
    82 | D:1      | Reached XP level 2. HP: 23/25 MP: 2/2
   137 | D:1      | Found Gidec's Magic Scroll Boutique.
   371 | D:1      | Reached skill level 1 in Maces & Flails
   379 | D:1      | Reached XP level 3. HP: 19/30 MP: 3/3
   881 | D:2      | Reached skill level 2 in Maces & Flails
   974 | D:2      | Learned a level 2 spell: Lesser Beckoning
  1117 | D:2      | Reached XP level 4. HP: 38/38 MP: 4/4
  1386 | D:3      | Reached skill level 3 in Maces & Flails
  1584 | D:3      | Reached XP level 5. HP: 42/45 MP: 5/5
  1712 | D:3      | Found a basalt altar of Yredelemnul.
  1713 | D:3      | Noticed Terence
  1728 | D:3      | Killed Terence
  2050 | D:3      | Found a runed translucent door.
  2051 | D:3      | Noticed Crazy Yiuf
  2133 | D:3      | Killed Crazy Yiuf
  2134 | D:3      | Reached skill level 4 in Maces & Flails
  2183 | D:4      | Found a sand-covered staircase.
  2212 | D:4      | Found a burning altar of Makhleb.
  2294 | D:4      | Noticed a black bear
  2308 | D:4      | Killed a black bear
  2309 | D:4      | Reached XP level 6. HP: 30/52 MP: 6/6
  2458 | D:4      | Found a glowing golden altar of the Shining One.
  2475 | D:4      | Became a worshipper of the Shining One
  2501 | D:4      | Reached skill level 5 in Maces & Flails
  2551 | Ossuary  | Entered an ossuary
  2551 | Ossuary  | Found a huge runed translucent gate.
  2551 | Ossuary  | Found a huge runed translucent gate.
  2551 | Ossuary  | Found a huge runed translucent gate.
  2551 | Ossuary  | Found a huge runed translucent gate.
  2551 | Ossuary  | Found a huge runed translucent gate.
  2551 | Ossuary  | Found a huge runed translucent gate.
  2551 | Ossuary  | Found a huge runed translucent gate.
  2551 | Ossuary  | Found a huge runed translucent gate.
  2552 | Ossuary  | Found a huge runed translucent gate.
  2552 | Ossuary  | Found a huge runed translucent gate.
  2552 | Ossuary  | Found a huge runed translucent gate.
  2553 | Ossuary  | Found a huge runed translucent gate.
  2553 | Ossuary  | Found a huge runed translucent gate.
  2555 | Ossuary  | Found a huge runed translucent gate.
  2555 | Ossuary  | Found a huge runed translucent gate.
  2565 | Ossuary  | Reached skill level 1 in Invocations
  2575 | Ossuary  | Found a huge runed translucent gate.
  2575 | Ossuary  | Found a huge runed translucent gate.
  2575 | Ossuary  | Found a huge runed translucent gate.
  2575 | Ossuary  | Found a huge runed translucent gate.
  2575 | Ossuary  | Found a huge runed translucent gate.
  2576 | Ossuary  | Found a huge runed translucent gate.
  2576 | Ossuary  | Found a huge runed translucent gate.
  2578 | Ossuary  | Found a huge runed translucent gate.
  2578 | Ossuary  | Found a huge runed translucent gate.
  2579 | Ossuary  | Found a huge runed translucent gate.
  2579 | Ossuary  | Found a huge runed translucent gate.
  2580 | Ossuary  | Found a huge runed translucent gate.
  2580 | Ossuary  | Found a huge runed translucent gate.
  2645 | Ossuary  | Found a huge runed translucent gate.
  2645 | Ossuary  | Found a huge runed translucent gate.
  2646 | Ossuary  | Found a huge runed translucent gate.
  2646 | Ossuary  | Found a huge runed translucent gate.
  2646 | Ossuary  | Found a huge runed translucent gate.
  2646 | Ossuary  | Found a huge runed translucent gate.
  2647 | Ossuary  | Found a huge runed translucent gate.
  2670 | Ossuary  | Reached * piety under the Shining One
  2671 | Ossuary  | Reached XP level 7. HP: 55/60 MP: 8/8
  2884 | D:4      | Reached skill level 6 in Maces & Flails
  2921 | D:4      | Found a snail-covered altar of Cheibriados.
  3140 | D:5      | Entered Level 5 of the Dungeon
  3245 | D:5      | Reached skill level 7 in Maces & Flails
  3490 | D:5      | Reached skill level 8 in Maces & Flails
  3504 | D:5      | Reached XP level 8. HP: 40/67 MP: 10/10
  3651 | D:5      | Found a staircase to the Ecumenical Temple.
  3660 | D:5      | Reached skill level 9 in Maces & Flails
  4004 | D:6      | Reached skill level 10 in Maces & Flails
  4114 | D:6      | Got Som Boic's Enchiridion on the Volcano and Anthracomancy
  4328 | D:6      | Noticed YordlordTheGreat's ghost (novice HuCA)
  4328 | D:6      | Identified the +0 dire flail of Leiky {heavy, rElec Str+3}
  4329 | D:6      | Found a transporter.
  4391 | D:6      | Found a transporter.
  4425 | D:6      | Reached skill level 11 in Maces & Flails
  4552 | D:7      | Reached XP level 9. HP: 56/72 MP: 8/11
  4578 | D:7      | Reached skill level 12 in Maces & Flails
  4590 | D:7      | Found a white marble altar of Elyvilon.
  4791 | D:7      | Found an ancient bone altar of Kikubaaqudgha.
  4916 | D:7      | Reached ** piety under the Shining One
  4916 | D:7      | Noticed a troll
  4934 | D:7      | Killed a troll
  4935 | D:7      | Reached skill level 5 in Fighting
  4935 | D:7      | Reached skill level 1 in Dodging
  5088 | D:7      | Found a transporter.
  5182 | D:7      | Found a glowing silver altar of Zin.
  5243 | D:7      | Found a transporter.
  5243 | D:7      | Noticed Viceroy's ghost (novice BaRe)
  5262 | D:7      | Noticed a moth of wrath
  5403 | D:8      | Noticed Psyche
  5410 | D:8      | Found a hazy altar of Hepliaklqana.
  5618 | D:8      | Reached skill level 5 in Invocations
  5783 | D:8      | Reached XP level 10. HP: 82/83 MP: 14/14
  5999 | D:8      | Found a radiant altar of Vehumet.
  6326 | D:9      | Found a staircase to the Lair.
  6327 | D:9      | Noticed Pikel
  6370 | D:9      | Killed Pikel
  6450 | D:9      | Identified the +0 cloak "Jawny" {rCorr Int+4}
  6797 | D:9      | Identified the +4 mace "Tetublef" {heavy, rElec rF+}
  6995 | D:9      | Reached skill level 13 in Maces & Flails
  7233 | D:9      | Found a shimmering blue altar of Sif Muna.
  7255 | D:9      | Got Sif Muna's Precepts of the Retinue
  7333 | D:10     | Entered Level 10 of the Dungeon
  7372 | D:10     | Found a stormy altar of Qazlal.
  7525 | D:10     | Reached XP level 11. HP: 88/94 MP: 15/17
  7557 | D:10     | Identified the +1 scale mail "Umac" {Dex+3 Stlth+}
  8024 | D:11     | Reached skill level 14 in Maces & Flails
  8131 | D:11     | Identified the +7 long sword "Roadgh" {flame, +Blink Int+4
                  | Dex-3 Stlth+}
  8178 | D:11     | Noticed a two-headed ogre
  8182 | D:11     | Noticed a soul eater
  8310 | D:11     | Killed a two-headed ogre
  8313 | D:11     | Noticed a sixfirhy
  8315 | D:11     | Reached skill level 5 in Shields
  8423 | D:11     | Found a snail-covered altar of Cheibriados.
  8605 | D:11     | Noticed a two-headed ogre
  8613 | D:11     | Killed a two-headed ogre
  9214 | D:12     | Noticed a brown ugly thing
  9220 | D:12     | Identified the +1 ring mail "Ahe Taij" {rF+}
  9375 | D:6      | Killed YordlordTheGreat's ghost
  9564 | D:11     | Killed a brown ugly thing
  9592 | D:12     | Reached skill level 10 in Invocations
  9613 | D:12     | Noticed a two-headed ogre
  9624 | D:12     | Killed a two-headed ogre
  9648 | D:12     | Found Xazuukor's Weapon Boutique.
  9713 | D:12     | Found a staircase to the Orcish Mines.
  9921 | D:12     | Noticed a red ugly thing
  9937 | D:12     | Killed a red ugly thing
  9938 | D:12     | Reached skill level 1 in Evocations
  9938 | D:12     | Reached XP level 12. HP: 76/106 MP: 17/20
 10132 | D:12     | Noticed a death yak
 10141 | D:12     | Reached skill level 10 in Fighting
 10154 | D:12     | Killed a death yak
 10379 | D:12     | Slain by a seven-headed hydra simulacrum

Illustrated notes

Levels and vault maps discovered:
D:1:      roderic_crop_circles_arrival_small, layout_loops_ring, serial_shops,
          shop, minmay_cut_off
D:2:      layout_rooms
D:3:      layout_basic, general_overflow_altar, kennysheep_generic_room_11,
          uniq_crazy_yiuf_cottage, uniq_terence
D:4:      layout_loops_ring, lemuel_coloured_pillars_altar,
          mainiacjoe_overflow_catwalk, nicolae_tso_besieged_by_evil,
          nicolae_ossuary_entry_monument
D:5:      layout_rooms, minmay_temple_entry_stoned_glass, st_stairs_13,
          minmay_misc_feat_encased, guppyfry_early_lair_pool
D:6:      layout_gridville, gammafunk_ghost_smash, minmay_misc_feat_roman,
          grunt_ministairs_1
D:7:      layout_rooms, mainiacjoe_overflow_brackets, mainiacjoe_overflow_swirl,
          gammafunk_ghost_berserking_beasts
D:8:      minmay_polygon_palace, layout_basic, nzn_hepliaklqana_mist_gate,
          kennysheep_mini, minmay_misc_feat_square, uniq_psyche
D:9:      layout_basic, led_sif_book, david_lair_shrubbed, special_room
          [special_room_bee], uniq_pikel
D:10:     layout_roguey, nicolae_qazlal_scattered_showers
D:11:     layout_layer_cave, nicolae_concentric_dashed_squares_wild,
          cheibriados_altar_1
D:12:     layout_cave_pools, orc_david_3, eino_house_with_fridge

Skill      XL: |  1  2  3  4  5  6  7  8  9 10 11 12 |
---------------+-------------------------------------+-----
Maces & Flails | 1 2 3 4 5 8 11 12 13 14 | 14.5
Fighting       | 3 4 6 8 9 10 | 10.2
Armour         | 6 7 8 |  8.2
Invocations    | 2 3 5 8 10 11 | 11.2
Dodging        | 2 |  2.7
Shields        | 4 7 |  7.0
Evocations     | 1 2 |  2.8
Staves         | |  2.5
Throwing       | |  1.0

Action                     |  1- 3 |  4- 6 |  7- 9 | 10-12 || total
---------------------------+-------+-------+-------+-------++-------
  Melee: Quarterstaff      |    37 |       |       |       ||    37
         Whip              |   119 |   226 |   470 |   298 ||  1113
         Mace              |       |       |       |   254 ||   254
  Throw: Dart              |       |     5 |     9 |     5 ||    19
         Throwing net      |       |       |     1 |       ||     1
   Cast: Lesser Beckoning  |       |       |     2 |       ||     2
 Invoke: Divine Shield     |       |       |     6 |    24 ||    30
  Evoke: Wand              |       |     3 |     7 |    30 ||    40
    Use: Scroll            |     5 |     6 |     9 |    10 ||    30
         Potion            |     1 |     5 |     5 |     9 ||    20
   Stab: Betrayed ally     |       |     1 |       |       ||     1
 Armour: Chain mail        |   115 |   165 |   210 |       ||   490
         Skin              |       |       |    36 |    18 ||    54
         Troll leather arm |       |       |    74 |   166 ||   240
         Scale mail        |       |       |       |    55 ||    55
  Dodge: Dodged            |    54 |    64 |   139 |   156 ||   413
  Block: Other             |       |       |    23 |     4 ||    27
         Buckler           |       |       |       |   248 ||   248

Table legend: (Time is in decaauts)
 A = Elapsed time spent in this place.
 B = Non-inter-level travel time spent in this place.
 C = Inter-level travel time spent in this place.
 D = Time resting spent in this place.
 E = Time spent auto-exploring this place.
 F = Levels seen in this place.
 G = Mean time per level.
                   A        B        C        D        E       F      G
               +--------+--------+--------+--------+--------+-----+--------+
         Total |  10001 |   9183 |    818 |    168 |   6159 |  13 |  769.3 |
       Dungeon |   9827 |   9009 |    818 |    168 |   6156 |  12 |  818.9 |
       Ossuary |    174 |    174 |      0 |      0 |      3 |   1 |  174.0 |
               +--------+--------+--------+--------+--------+-----+--------+

Top non-repeatable levels by time:
    D:11: 1411 daAuts
     D:9: 986 daAuts
     D:7: 862 daAuts
     D:3: 839 daAuts
     D:8: 829 daAuts
    D:12: 825 daAuts
     D:1: 802 daAuts
     D:4: 718 daAuts
     D:6: 713 daAuts
     D:5: 688 daAuts
    D:10: 613 daAuts
     D:2: 536 daAuts
 Ossuary: 174 daAuts
